 Dungeon Crawl Stone Soup version 0.29-a0-529-gfa20dd96a1 (webtiles) character file.

Game seed: 4420549686637651238

642 spaghetti the Conjurer (level 7, 0/54 (59) HPs)
             Began as an Ogre Conjurer on June 2, 2022.
             Was a Believer of Nemelex Xobeh.
             Slain by a wight
             ... wielding a +4 dagger
              (8 damage)
             ... on level 5 of the Dungeon.
             The game lasted 00:10:22 (5563 turns).

spaghetti the Conjurer (Ogre Conjurer)              Turns: 5563, Time: 00:10:23

HP:   0/54 (59)     AC:  5    Str: 12    XL:     7   Next: 51%
MP:   6/14          EV: 11    Int: 27    God:    Nemelex Xobeh [**....]
Gold: 200           SH:  0    Dex: 20    Spells: 7/16 levels left

rFire   + . .      SeeInvis .   N - +2 halberd (freeze) {polearm}
rCold   + . .      Faith    .   (shield currently unavailable)
rNeg    + . .      Spirit   .   l - +1 robe {rC+ rF+}
rPois   .          Reflect  .   g - +1 hat
rElec   .          Harm     .   (no cloak)
rCorr   .          Rampage  .   (gloves unavailable)
Will    .....                   (boots unavailable)
Stlth   ++........              (no amulet)
HPRegen 0.18/turn               i - +6 ring of dexterity
MPRegen 0.14/turn               S - ring of Esieg {*Corrode rN+ Int+6 Dex+7}

@: drained
A: large, unfitting armour, tough skin 1
a: Renounce Religion, Draw Escape, Draw Destruction, Draw Summoning


You were on level 5 of the Dungeon.
You worshipped Nemelex Xobeh.
Nemelex Xobeh was pleased with you.
You visited 1 branch of the dungeon, and saw 5 of its levels.

You collected 200 gold pieces.


Innate Abilities, Weirdness & Mutations

You are too large for most types of armour.
You have tough skin. (AC +1)


   Skills:
 + Level 2.5 Dodging
 - Level 1.4 Stealth
 + Level 5.3 Spellcasting
 + Level 5.3 Conjurations
 * Level 1.0 Transmutations
 * Level 1.1 Earth Magic
 + Level 4.0 Invocations


You had 7 spell levels left.
You knew the following spells:

 Your Spells              Type           Power      Damage    Failure   Level
a - Magic Dart            Conj           100%       1d8       1%          1
b - Searing Ray           Conj           72%        2d7       1%          2
c - Statue Form           Tmut/Erth      8%         N/A       100%        6

Your spell library contained the following spells:

 Spells                   Type           Power      Damage    Failure   Level
 Freeze                   Ice            28%        1d5       7%          1
 Dazzling Flash           Conj/Hex       42%        N/A       7%          3
 Frozen Ramparts          Ice            14%        1d3       22%         3
 Fulminant Prism          Conj/Hex       10%        3d9       22%         4
 Hailstorm                Conj/Ice       21%        3d6       22%         4
 Iskenderun's Mystic Bla  Conj/Tloc      21%        2d6       22%         4
 Petrify                  Tmut/Erth      13%        N/A       41%         4
 Summon Lightning Spire   Summ/Air       7%         N/A       56%         4
 Lee's Rapid Deconstruct  Erth           6%         3d7*      77%         5
 Metabolic Englaciation   Hex/Ice        3%         N/A       89%         5
 Storm Form               Tmut/Air       5%         N/A       100%        7
 Maxwell's Capacitive Co  Air            3%         ∞         100%        8

Inventory:

Hand Weapons
 d - a +0 whip {mace}
   (You took it off a kobold on level 1 of the Dungeon)
 h - a +0 short sword {short}
   (You took it off a kobold on level 1 of the Dungeon)
 r - a +0 dagger {short}
   (You took it off a goblin on level 1 of the Dungeon)
 t - a +0 club {mace}
   (You took it off a goblin on level 2 of the Dungeon)
 v - a +0 club {mace}
   (You took it off a goblin on level 2 of the Dungeon)
 w - a +0 hunting sling {sling}
   (You found it on level 2 of the Dungeon)
 x - a +0 dagger {short}
   (You found it on level 2 of the Dungeon)
 y - a +0 quarterstaff {staff}
   (You found it on level 2 of the Dungeon)
 z - a +0 spear {polearm}
   (You took it off a gnoll on level 2 of the Dungeon)
 A - a +0 flail {mace}
   (You took it off a gnoll on level 2 of the Dungeon)
 B - a +0 short sword {short}
   (You found it on level 2 of the Dungeon)
 D - a +0 dagger {short}
   (You took it off Jessica on level 3 of the Dungeon)
 G - a +0 club {mace}
   (You took it off a goblin on level 3 of the Dungeon)
 I - a +0 club {mace}
   (You took it off a goblin on level 3 of the Dungeon)
 J - a +1 spear of flaming {polearm}
   (You took it off a gnoll on level 3 of the Dungeon)
 K - a +0 mace {mace}
   (You took it off Terence on level 3 of the Dungeon)
 L - a +3 short sword {short}
   (You took it off a kobold on level 3 of the Dungeon)
 N - a +2 halberd of freezing (weapon) {polearm}
   (You took it off a gnoll on level 3 of the Dungeon)
Missiles
 s - 82 stones {throwing}
 u - 2 poisoned darts {throwing}
 M - 5 boomerangs {throwing}
Armour
 a - a +0 robe
 g - a +1 hat (worn)
   (You found it on level 1 of the Dungeon)
 l - a +1 robe of resistance (worn)
   (You found it on level 1 of the Dungeon)
Magical Staves
 H - a staff of air {!astaff}
   (You found it on level 3 of the Dungeon)
Jewellery
 i - a +6 ring of dexterity (left hand)
   (You found it on level 1 of the Dungeon)
 S - the ring of Esieg (right hand) {*Corrode rN+ Int+6 Dex+7}
   (You found it on level 4 of the Dungeon)

   [ring of intelligence]

   Int:       It affects your intelligence (+6).
   Dex:       It affects your dexterity (+7).
   rN:        It protects you from negative energy.
   *Corrode:  It may corrode you when you take damage.
Wands
 j - a wand of charming (8)
   (You found it on level 3 of the Dungeon)
Scrolls
 c - a scroll of teleportation {@r4}
 e - 3 scrolls of fear
 f - a scroll of amnesia
 o - 2 scrolls of immolation {!r!r}
 q - 2 scrolls of magic mapping {!r}
 F - a scroll of brand weapon
 P - a scroll of blinking {unknown}
 U - a scroll of silence {unknown}
 V - a scroll of summoning {unknown}
Potions
 b - a potion of magic
 k - 3 potions of degeneration {!q@e2}
 m - 2 potions of berserk rage {!q}
 n - a potion of resistance
 p - 2 potions of heal wounds {unknown}
 C - 3 potions of cancellation {unknown}
 E - 3 potions of might {unknown}
 O - 2 potions of curing {unknown}
 Q - a potion of lignification {unknown}
 R - a potion of ambrosia {unknown}
 T - a potion of invisibility {unknown}

Dungeon Overview and Level Annotations

Branches:
Dungeon (5/15)
 Temple: D:4-7

Altars:
Makhleb
Nemelex Xobeh
Sif Muna
Wu Jian

Shops:
D:4

= ........# ..
..
........##>#...
.............
.........†.
#.....# #..#
#..####
###zz...#
#.z@###.#
##(### # ###..#
##...## ##..###
#.<## #...##
.....## .....


You could see 2 wights, a friendly wight (charmed) and a friendly +0
quarterstaff of venom (summoned).


Message History

The wight attacks as you move away! The wight hits you but does no damage.
You can't go down here!
Okay, then.
You draw a card...
You have drawn the Dance.
The wight hits you with a +4 dagger.
* * * LOW HITPOINT WARNING * * *
You partially resist.
You feel drained. 😨 HP[-5] MP[+1]
You now have 55 max hp (-1).
You take 5 damage, and now have 27/55 hp.
Unknown command.
Unknown command.
You draw a card...
You have drawn the Illusion.
Suddenly you stand beside yourself.
The wight closely misses spaghetti's illusion.
The wight hits spaghetti's illusion with a +1 great sword of freezing!
The wight freezes spaghetti's illusion.
The wight barely misses you. 😮 HP[+1] Unknown command.
Unknown command.
Unknown command.
Unknown command.
You barely miss the wight.
Your +0 quarterstaff of venom hits the wight!
Spaghetti's illusion hits the wight.
The wight hits spaghetti's illusion with a +1 great sword of freezing!
The wight drains spaghetti's illusion.
The wight freezes spaghetti's illusion.
The wight barely misses spaghetti's illusion.
The wight hits you but does no damage.
The wight hits your +0 quarterstaff of venom with a +0 morningstar.
Your +0 quarterstaff of venom hits the wight.
You barely miss the wight.
Spaghetti's illusion barely misses the wight.
The wight closely misses spaghetti's illusion.
The wight hits you with a +4 dagger.
* * * LOW HITPOINT WARNING * * *
The wight hits spaghetti's illusion with a +1 great sword of freezing!
The wight freezes spaghetti's illusion.
The wight barely misses you.
Your +0 quarterstaff of venom hits the wight but does no damage.
The wight hits your +0 quarterstaff of venom with a +0 morningstar!
The wight hits spaghetti's illusion with a +4 great sword!!
Spaghetti's illusion dies!
Spaghetti's illusion shimmers and vanishes!
The wight hits you with a +4 dagger.
* * * LOW HITPOINT WARNING * * *
You partially resist.
You feel drained.
* * * LOW HITPOINT WARNING * * *
😨 HP[-8]
You now have 53 max hp (-2).
You take 8 damage, and now have 20/53 hp.
Unknown command.
Casting: Magic Dart (safe; 1% risk of failure)
Confirm with . or Enter, or press ? or * to list all spells.
Aiming: Magic Dart (safe; 1% risk of failure)
Press: ? - help, Shift-Dir - straight line, f/p - wight
Aim: a wight, wielding a +1 great sword of freezing and wearing a +0 robe (heavily damaged, 100% to hit)
The magic dart hits the wight but does no damage.
Your +0 quarterstaff of venom hits the wight.
The wight is destroyed!
The wight hits you with a +1 great sword of freezing.
* * * LOW HITPOINT WARNING * * *
You partially resist.
You feel drained. The wight freezes you.
* * * LOW HITPOINT WARNING * * *
The wight hits you with a +4 dagger.
* * * LOW HITPOINT WARNING * * *
Your Transmutations skill increases to level 1!
Your Earth Magic skill increases to level 1! 😱 HP[-10] MP[-1]
You now have 54 max hp (+1).
You take 10 damage, and now have 10/54 hp.
You lost 1 mp, and now have 5/14 mp.
Unknown command.
Okay, then.
Okay, then.
Aiming: Charm
Press: ? - help, Shift-Dir - straight line, f/p - wight
Aim: a wight, wielding a +1 great sword of freezing and wearing a +0 robe (heavily damaged, chance to affect: 49%)
The wight resists with some effort.
The wight barely misses you.
Aiming: Charm
Press: ? - help, Shift-Dir - straight line, f - wight, p - wight
Aim: a wight, wielding a +4 great sword and wearing a +0 robe (chance to affect: 49%)
The wight resists with some effort.
Your +0 quarterstaff of venom completely misses the wight.
The wight hits you with a +4 dagger.
* * * LOW HITPOINT WARNING * * *
The wight barely misses you. 😱 HP[-2] MP[+1]
You take 2 damage, and now have 8/54 hp.
Aiming: Charm
Press: ? - help, Shift-Dir - straight line, f/p - wight
Aim: a wight, wielding a +4 great sword and wearing a +0 robe (chance to affect: 49%)
The wight is charmed.
Your +0 quarterstaff of venom hits the wight!
The wight hits you with a +4 dagger!
You die...
Your body glows with a rainbow of weird colours and disappears.

Skill      XL: |  1  2  3  4  5  6  7 |
---------------+----------------------+-----
Spellcasting   | 3 4 5 |  5.3
Conjurations   | 4 5 |  5.3
Invocations    | 1 2 3 4 |  4.0
Dodging        | 2 |  2.5
Transmutations | 1 |  1.0
Earth Magic    | 1 |  1.1
Stealth        | |  1.4

Action                   |  1- 3 |  4- 6 |  7- 9 || total
-------------------------+-------+-------+-------++-------
Melee: Unarmed           |    23 |     7 |       ||    30
       Short sword       |       |     6 |       ||     6
       Halberd           |       |     5 |     2 ||     7
 Cast: Magic Dart        |    42 |   162 |    30 ||   234
       Searing Ray       |       |     1 |       ||     1
Invok: Draw Escape       |     1 |     1 |       ||     2
       Draw Summoning    |     1 |       |     2 ||     3
Evoke: Wand              |       |     1 |     3 ||     4
  Use: Scroll            |       |    10 |       ||    10
Armor: Robe              |    11 |    18 |     6 ||    35
Dodge: Dodged            |     8 |    22 |    16 ||    46

Levels and vault maps discovered:
D:1:      dpeg_arrival_rooms_c, layout_loops_ring, basic_ecumenical_altar
D:2:      layout_loops_corners, basic_altar
D:3:      layout_loops_corners, nicolae_sif_muna_little_library, uniq_jessica,
          uniq_terence
D:4:      layout_cave_pools, makhleb_heckhound_becter, serial_shops, shop,
          uniq_sigmund
D:5:      layout_rooms, nicolae_dithmenos_through_a_glass_darkly,
          mainiacjoe_overflow_six_doors_small, minmay_fractal_squares_5

Notes
Turn   | Place    | Note
-------+----------+-------------------------------------------
     0 | D:1      | spaghetti the Ogre Conjurer began the quest for the Orb.
     0 | D:1      | Reached XP level 1. HP: 16/16 MP: 3/3
     0 | D:1      | magus.rc [v1.9.6]
    45 | D:1      | HP: 3/16 [kobold/+0 whip (5)]
   460 | D:1      | You pick up a book of Frost and begin reading...
   460 | D:1      | You add the spells Freeze, Frozen Ramparts and Hailstorm to
                  | your library.
   604 | D:1      | Reached XP level 2. HP: 24/24 MP: 2/5
   808 | D:1      | You pick up a book of Blasting and begin reading...
   873 | D:1      | Reached skill level 3 in Spellcasting
  1009 | D:1      | Found a faded altar of an unknown god.
  1017 | D:1      | Prayed at the altar of an unknown god.
  1017 | D:1      | Became a worshipper of Nemelex Xobeh the Trickster
  1017 | D:1      | Reached * piety under Nemelex Xobeh
  1100 | D:1      | Reached skill level 4 in Conjurations
  1166 | D:1      | Received a gift from Nemelex Xobeh
  1382 | D:2      | Found an ornate altar of the Wu Jian Council.
  1408 | D:2      | You pick up a book of the Sky and begin reading...
  1408 | D:2      | You add the spells Summon Lightning Spire, Storm Form and
                  | Maxwell's Capacitive Coupling to your library.
  1530 | D:2      | Identified the +3 leather armour of Iceguv {+Inv rPois MP+9
                  | Int-3}
  1605 | D:2      | Reached XP level 3. HP: 14/31 MP: 1/7
  1607 | D:2      | Reached skill level 1 in Invocations
  1841 | D:2      | Reached XP level 4. HP: 39/39 MP: 2/9
  1844 | D:2      | Learned a level 2 spell: Searing Ray
  2088 | D:2      | You pick up a book of Sloth and begin reading...
  2088 | D:2      | You add the spells Petrify, Metabolic Englaciation and
                  | Statue Form to your library.
  2267 | D:2      | You pick up a book of Frost and begin reading...
  2535 | D:3      | Noticed Jessica
  2538 | D:3      | Killed Jessica
  2539 | D:3      | Reached skill level 2 in Invocations
  2861 | D:3      | Reached ** piety under Nemelex Xobeh
  3043 | D:3      | Noticed Terence
  3050 | D:3      | Killed Terence
  3051 | D:3      | Reached skill level 4 in Spellcasting
  3051 | D:3      | Reached XP level 5. HP: 45/45 MP: 1/11
  3486 | D:3      | Found a shimmering blue altar of Sif Muna.
  3629 | D:3      | Received a gift from Nemelex Xobeh
  3745 | D:3      | magus.rc [v1.9.6]
  3996 | D:3      | Reached skill level 3 in Invocations
  3996 | D:3      | Reached XP level 6. HP: 26/53 MP: 0/12
  4776 | D:4      | Found Doij Vyo's Jewellery Emporium.
  4798 | D:4      | Reached skill level 5 in Conjurations
  5011 | D:4      | Identified the ring of Esieg {*Corrode rN+ Int+6 Dex+7}
  5126 | D:4      | Noticed Sigmund
  5135 | D:4      | Killed Sigmund
  5136 | D:4      | Reached skill level 2 in Dodging
  5136 | D:4      | Reached skill level 5 in Spellcasting
  5136 | D:4      | Reached XP level 7. HP: 45/59 MP: 5/14
  5143 | D:4      | Learned a level 6 spell: Statue Form
  5215 | D:4      | Received a gift from Nemelex Xobeh
  5417 | D:4      | Found a burning altar of Makhleb.
  5478 | D:5      | Entered Level 5 of the Dungeon
  5545 | D:5      | Reached skill level 4 in Invocations
  5560 | D:5      | HP: 10/52 [wight/+4 dagger (4)]
  5561 | D:5      | Reached skill level 1 in Transmutations
  5561 | D:5      | Reached skill level 1 in Earth Magic
  5563 | D:5      | Slain by a wight

Vanquished Creatures
  Sigmund (D:4)
  A necrophage (D:5)
  A hound (D:4)
  A gnoll shaman (D:3)
  Jessica (D:3)
  Terence (D:3)
  An orc wizard (D:3)
  2 gnolls (D:3)
  8 adders
  A white imp (D:5)
  2 worms (D:3)
  3 dart slugs
  9 orcs
  7 ball pythons
  4 endoplasms
  2 giant cockroaches
  6 goblins
  6 hobgoblins
  6 jackals
  A quokka (D:2)
  4 bats
  2 frilled lizards
  5 kobolds
  5 rats
80 creatures vanquished.

Vanquished Creatures (collateral kills)
  A wight (D:5)
  3 gnolls
4 creatures vanquished.

Grand Total: 84 creatures vanquished

Table legend:
 A = Non-vault XP
 B = Vault XP
 C = Vault XP percentage of total XP
 D = Non-vault monster count
 E = Vault monster count
 F = Vault count percentage of total count
                 A         B        C        D         E       F
            +---------+---------+-------+---------+---------+-------
      Total |     563 |     355 |  38.7 |      81 |       4 |   4.7
            +---------+---------+-------+---------+---------+-------
        D:1 |      27 |       0 |   0.0 |      14 |       0 |   0.0
        D:2 |      78 |       0 |   0.0 |      11 |       0 |   0.0
        D:3 |     210 |      73 |  25.8 |      36 |       2 |   5.3
        D:4 |      68 |     282 |  80.6 |      16 |       2 |  11.1
        D:5 |     180 |       0 |   0.0 |       4 |       0 |   0.0
            +---------+---------+-------+---------+---------+-------

Illustrated notes

Table legend:
 A = Kills in this place as a percentage of kills in entire the game.
 B = Kills by you in this place as a percentage of kills by you in the entire game.
 C = Kills by friends in this place as a percentage of kills by friends in the entire game.
 D = Other kills in this place as a percentage of other kills in the entire game.
 E = Experience gained in this place as a percentage of experience gained in the entire game.
 F = Experience gained in this place divided by the number of levels of this place that you have seen.
                   A       B       C       D       E      F
               +-------+-------+-------+-------+-------+----------------------
         Total | 100.0 | 100.0 | 100.0 | 100.0 | 100.0 | 183.6
       Dungeon | 100.0 | 100.0 | 100.0 | 100.0 | 100.0 | 183.6
               +-------+-------+-------+-------+-------+----------------------

Table legend: (Time is in decaauts)
 A = Elapsed time spent in this place.
 B = Non-inter-level travel time spent in this place.
 C = Inter-level travel time spent in this place.
 D = Time resting spent in this place.
 E = Time spent auto-exploring this place.
 F = Levels seen in this place.
 G = Mean time per level.
                   A        B        C        D        E       F      G
               +--------+--------+--------+--------+--------+-----+--------+
         Total |   5564 |   5385 |    179 |    149 |   4673 |   5 | 1112.8 |
       Dungeon |   5564 |   5385 |    179 |    149 |   4673 |   5 | 1112.8 |
               +--------+--------+--------+--------+--------+-----+--------+

Top non-repeatable levels by time:
     D:3: 2024 daAuts
     D:1: 1284 daAuts
     D:2: 1239 daAuts
     D:4: 929 daAuts
     D:5: 85 daAuts
